 Dungeon Crawl Stone Soup version 0.23.2-30-g0e89c35649 (webtiles) character file.

Game seed: 1267861083868640468

87304 Atelerd the Devastator (level 15, -4/92 HPs)
             Began as an Octopode Wizard on June 23, 2019.
             Was a High Priest of Sif Muna.
             Slain by a harpy zombie (14 damage)
             ... on level 1 of the Shoals.
             The game lasted 02:09:18 (42635 turns).

Atelerd the Devastator (Octopode Wizard)           Turns: 42635, Time: 02:09:19

Health: -4/92      AC:  1    Str:  7    XL:     15   Next: 90%
Magic:  47/61      EV: 13    Int: 26    God:    Sif Muna [*****.]
Gold:   579        SH:  8    Dex: 11    Spells: 10/44 levels left

rFire    . . .     SeeInvis .   E - +9 broad axe of Anxiety {flame, *Slow +Blink rN+ MP+9}
rCold    + . .     Gourm    +   P - +2 shield {reflect}
rNeg     + + .     Faith    .   a - +0 hat
rPois    .         Spirit   .   X - amulet of the gourmand
rElec    .         Reflect  +   o - ring of magical power
rCorr    .         Harm     .   x - ring of stealth
MR       +++..                  D - ring of positive energy
Stlth    +++++.....             G - ring of protection from cold
HPRegen  0.25/turn              L - ring of protection from magic
MPRegen  0.37/turn              f - ring of magical power
                                Q - ring of protection from magic
                                T - ring of wizardry

@: no status effects
A: almost no armour, stealthy swim, amphibious, 8 rings, constrict 8, camouflage
1, gelatinous body 1
a: Divine Energy, Channel Magic, Forget Spell, Renounce Religion, Evoke Blink


You were on level 1 of the Shoals.
You worshipped Sif Muna.
Sif Muna was extremely pleased with you.
You were full.

You visited 5 branches of the dungeon, and saw 25 of its levels.

You collected 2338 gold pieces.
You spent 1759 gold pieces at shops.

Inventory:

Hand Weapons
 E - the +9 broad axe of Anxiety (weapon) {flame, *Slow +Blink rN+ MP+9}
   (You bought it in a shop on level 2 of the Orcish Mines)

   It has been specially enchanted to burn those struck by it, causing extra
   injury to most foes and up to half again as much damage against particularly
   susceptible opponents.
   Big, fiery blades are also staple armaments of hydra-hunters.
   It protects you from negative energy.
   It affects your magic capacity (+9).
   It lets you blink.
   It may slow you when you take damage.
 K - the +3 glaive of Hatred {protect, +Rage Int+4}
   (You found it on level 12 of the Dungeon)

   It protects the one who uses it against injury (+AC on strike).
   It affects your intelligence (+4).
   It lets you go berserk.
 W - the +1 dagger of Judgement {pierce, Int+4}
   (You found it on level 6 of the Lair of Beasts)

   It inflicts extra damage upon your enemies.
   It affects your intelligence (+4).
Armour
 a - a +0 hat (worn)
 P - a +2 shield of reflection (worn)
Jewellery
 f - a ring of magical power (on tentacle)
 n - an uncursed ring of ice
 o - a ring of magical power (left tentacle)
 x - a ring of stealth (right tentacle)
 D - a ring of positive energy (on tentacle)
 G - a ring of protection from cold (on tentacle)
 L - a ring of protection from magic (on tentacle)
 Q - a ring of protection from magic (on tentacle)
 T - a ring of wizardry (on tentacle)
 X - an amulet of the gourmand (around mantle)
Wands
 q - a wand of iceblast (4)
 H - a wand of polymorph (14)
 I - a wand of disintegration (5)
 O - a wand of acid (16)
 U - a wand of digging (5)
 Z - a wand of scattershot (5)
Scrolls
 b - a scroll of acquirement {unknown}
 d - 11 scrolls of remove curse
 i - 7 scrolls of fog
 j - 5 scrolls of magic mapping
 k - 5 scrolls of teleportation
 l - 2 scrolls of fear
 m - 3 scrolls of amnesia
 s - a scroll of blinking {unknown}
 t - a scroll of enchant armour
 u - 2 scrolls of noise
 y - 2 scrolls of holy word
 A - a scroll of identify
 M - 6 scrolls of enchant weapon {unknown}
 R - 3 scrolls of immolation
 V - a scroll of torment
Potions
 e - 7 potions of curing
 g - 3 potions of haste
 h - 5 potions of magic
 p - 6 potions of brilliance
 r - a potion of invisibility
 v - a potion of mutation
 w - 6 potions of lignification
 z - 2 potions of agility
 B - 4 potions of might
 C - 3 potions of ambrosia {unknown}
 F - a potion of cancellation {unknown}
 J - 4 potions of heal wounds
 N - 2 potions of berserk rage
 Y - a potion of flight
Comestibles
 c - 29 rations


   Skills:
 - Level 5.0 Fighting
 - Level 1.0 Short Blades
 - Level 7.0 Dodging
 - Level 5.0 Stealth
 * Level 0.1 Shields
 - Level 15.2 Spellcasting
 - Level 15.5 Conjurations
 - Level 7.0 Hexes
   Level 1.0 Summonings
 - Level 4.0 Translocations
 - Level 3.0 Transmutations
 + Level 2.0 Fire Magic
 + Level 2.0 Ice Magic
 + Level 2.1 Air Magic
 - Level 0.1 Poison Magic
 + Level 8.9 Invocations


You had 10 spell levels left.
You knew the following spells:

 Your Spells              Type           Power        Failure   Level  Hunger
a - Magic Dart            Conj           ####         1%          1    None
b - Mephitic Cloud        Conj/Pois/Air  ######..     1%          3    None
c - Blink                 Tloc           N/A          2%          2    None
d - Conjure Flame         Conj/Fire      ######..     1%          3    None
e - Iskenderun's Mystic   Conj           #######.     1%          4    None
f - Force Lance           Conj/Tloc      ######..     1%          4    None
g - Confuse               Hex            ######..     1%          3    None
h - Ignite Poison         Fire/Tmut/Pois ####....     11%         3    None
i - Ensorcelled Hibernat  Hex/Ice        #####.       1%          2    None
j - Regeneration          Chrm/Necr      ###.......   22%         3    None
k - Shroud of Golubria    Chrm/Tloc      ####......   4%          2    None
l - Ice Form              Ice/Tmut       ####....     26%         4    None

Your spell library contained the following spells:

 Spells                   Type           Power        Failure   Level  Hunger
 Confusing Touch          Hex            ######       1%          1    None
 Corona                   Hex            ######.      1%          1    None
 Shock                    Conj/Air       ####         1%          1    None
 Searing Ray              Conj           ######       1%          2    None
 Slow                     Hex            ######..     1%          2    None
 Dazzling Spray           Conj/Hex       ######       1%          3    None
 Static Discharge         Conj/Air       ######..     1%          3    None
 Tukima's Dance           Hex            ######..     1%          3    None
 Fulminant Prism          Conj/Hex       ######....   1%          4    None
 Beastly Appendage        Tmut           #####.       2%          1    None
 Sticks to Snakes         Tmut           #####...     3%          2    None
 Gell's Gravitas          Tloc           #####.....   4%          3    None
 Spectral Weapon          Hex/Chrm       #####...     5%          3    None
 Lightning Bolt           Conj/Air       ######....   5%          5    #......
 Infusion                 Chrm           ###.         8%          1    None
 Call Imp                 Summ           ####....     8%          2    None
 Swiftness                Chrm/Air       ####....     8%          2    None
 Recall                   Summ/Tloc      N/A          9%          3    None
 Bolt of Draining         Conj/Necr      ######....   9%          5    #......
 Iskenderun's Battlesphe  Conj/Chrm      ######..     9%          5    #......
 Song of Slaying          Chrm           ###.....     12%         2    None
 Spider Form              Tmut/Pois      ####......   12%         3    None
 Leda's Liquefaction      Hex/Erth       #####.....   17%         4    None
 Bolt of Magma            Conj/Fire/Erth ######....   17%         5    #......
 Yara's Violent Unravell  Hex/Tmut       #####.....   26%         5    #......
 Airstrike                Air            ####......   28%         4    None
 Metabolic Englaciation   Hex/Ice        #####.....   30%         5    #......
 Petrify                  Tmut/Erth      ####....     36%         4    None
 Iron Shot                Conj/Erth      ######....   41%         6    ####...
 Blade Hands              Tmut           #####.....   50%         5    #......
 Animate Dead             Necr           N/A          56%         4    None
 Borgnjor's Vile Clutch   Necr/Erth      ###.......   87%         5    #......
 Lee's Rapid Deconstruct  Erth           ###.......   87%         5    #......
 Simulacrum               Ice/Necr       ####......   99%         6    ####...
 Statue Form              Tmut/Erth      ####.....    99%         6    ####...
 Death Channel            Necr           ###.......   100%        6    ####...
 Borgnjor's Revivificati  Necr           ###.......   100%        8    #######
 Death's Door             Chrm/Necr      ###.......   100%        8    #######
 Necromutation            Tmut/Necr      ####......   100%        8    #######
 Shatter                  Erth           ###.......   100%        9    #######


Dungeon Overview and Level Annotations

Branches:
Dungeon (15/15)            Temple (1/1) D:7            Lair (6/6) D:8
 Shoals (1/4) Lair:2       Spider (0/4) Lair:4        Slime (0/5) Lair:6
    Orc (2/2) D:11            Elf (0/3) Orc:2        Vaults (0/5) D:13
 Depths (0/5) D:15

Altars:
Ashenzari
Cheibriados
Dithmenos
Elyvilon
Fedhas
Gozag
Hepliaklqana
Kikubaaqudgha
Makhleb
Nemelex Xobeh
Okawaru
Qazlal
Ru
Sif Muna
Trog
Uskayaw
Vehumet
Wu Jian
Xom
Yredelemnul
Zin
The Shining One

Shops:
D:12 =   D:13 %*   D:15 **[*?   Orc:1 }   Orc:2 (:[!

Portals:
Trove: D:14 (show slimy rune of Zot)

Annotations:
D:3 exclusion: 2 downstairs
D:5 exclusion: downstairs
D:6 exclusion: downstairs
D:10 exclusion: 2 downstairs
Lair:2 3 runed translucent doors, Hyeqets's ghost, journeyman TrMo; Mrkan's ghost, journeyman FoFi
Lair:3 exclusion: downstairs
Lair:4 exclusion: 2 downstairs
Lair:5 exclusion: 2 downstairs


Innate Abilities, Weirdness & Mutations

You cannot wear most types of armour.
You are very stealthy in the water. (Stealth+)
You are amphibious.
You can wear up to eight rings at the same time.
You can use your tentacles to constrict eight enemies at once.
Your skin changes colour to match your surroundings (Stealth+).
Your rubbery body absorbs attacks. (AC +1, EV +1)


Message History

The air twists around and strikes you!
The merfolk siren chants a haunting song.
You resist with almost no effort. The harpy zombie claws you.
The harpy zombie misses you. The harpy zombie claws you.
You block the harpy zombie's attack. The harpy zombie closely misses you.
The harpy zombie claws you.
The merfolk siren chants a haunting song.
You resist with almost no effort. The harpy zombie claws you. x2
A hippogriff zombie comes into view. x2
There is a staircase back to the Lair here.
The harpy zombie closely misses you. The harpy zombie claws you.
The harpy zombie claws you! The harpy zombie barely misses you.
The harpy zombie closely misses you. The harpy zombie claws you!
* * * LOW HITPOINT WARNING * * *
You block the harpy zombie's attack. The harpy zombie barely misses you.
The harpy zombie claws you!
* * * LOW HITPOINT WARNING * * *
You block the harpy zombie's attack.
The sea snake bites the plant!
The harpy zombie claws you!
You die...

.≈≈P≈≈≈≈.........
≈≈P≈≈≈P≈≈.....Z#
≈≈≈≈≈≈≈≈≈...?..#
≈≈≈≈≈≈≈≈≈.(....##
≈≈≈≈≈≈P≈≈≈......#
≈≈≈≈≈kPP≈≈≈...Z..
≈≈≈≈≈≈PES≈≈≈.....
≈≈≈≈≈P≈ZP≈≈P≈.P..
≈≈≈≈≈≈≈@Z≈≈≈≈≈...
≈≈≈≈≈P≈≈≈≈..P....
≈≈≈PP≈≈P≈P...m...
≈≈≈≈≈.≈P≈≈..##.P.
≈≈≈≈≈≈≈≈≈≈.......
≈≈P≈P≈P≈≈≈PP≈..
≈≈≈P≈≈≈≈≈≈≈P≈≈≈
≈≈≈≈P≈≈≈≈≈≈P≈P≈


You could see a sea snake, a wind drake, a water elemental, a merfolk siren, 2
hippogriff zombies and 2 harpy zombies.

Vanquished Creatures
  Kirke (Lair:4)
  Donald (Orc:2)
  The ghost of Thantalas the Protected, a journeyman GrFi of Okawaru (Lair:6)
  Snorg (Lair:6)
  Josephine (Orc:2)
  An ettin (shapeshifter) (D:15)
  8 hydras
  A vault guard (D:13)
  A yaktaur captain (D:15)
  A centaur warrior (D:15)
  5 catoblepae
  Erica (D:8)
  A death knight (D:11)
  A deep troll shaman (Lair:6)
  3 two-headed ogres
  3 tengu warriors
  12 death yaks
  Sonja (D:11)
  A skeletal warrior (D:10)
  2 unseen horrors
  A lindwurm (Lair:4)
  2 orc knights (Orc:2)
  Pikel (D:7)
  3 harpies (D:15)
  A wolf spider (D:15)
  4 ugly things
  3 orc sorcerers
  2 cyclopes (D:13)
  5 manticores
  2 oklob plants
  2 centaur zombies (D:15)
  A black mamba (Lair:5)
  2 torpor snails
  3 elephants (Lair:6)
  A gargoyle (D:12)
  12 spiny frogs
  2 freezing wraiths
  4 komodo dragons
  3 efreet
  A yaktaur (D:15)
  2 tengu conjurers
  3 meliai (D:15)
  Prince Ribbit (D:6)
  4 trolls
  3 polar bears (Lair:6)
  A harpy zombie (Shoals:1)
  2 hornets
  3 blink frogs (Lair:5)
  10 hippogriffs
  A meliai zombie (D:15)
  A dream sheep (Lair:6)
  Sigmund (D:4)
  A shadow (D:14)
  8 wraiths
  2 vampires
  5 wyverns
  6 basilisks
  42 yaks
  3 hungry ghosts
  2 hogs (Lair:4)
  Edmund (D:5)
  4 vampire mosquitoes (D:15)
  A warg (Orc:2)
  5 soldier ants
  16 water moccasins
  An acid dragon (D:15)
  9 porcupines
  Duvessa (D:4)
  A hornet zombie (D:12)
  6 ice beasts
  3 black bears (D:8)
  40 orc warriors
  3 sky beasts
  2 slaves (D:7)
  2 phantoms
  2 necrophages
  7 ogres
  15 wolves
  14 centaurs
  19 crocodiles
  4 big kobolds
  Blork the orc (D:6)
  17 bullfrogs
  A wyvern zombie (D:13)
  9 scorpions
  A water moccasin skeleton (D:7)
  Dowan (D:4)
  21 wights
  A killer bee (shapeshifter) (D:14)
  6 killer bees (D:8)
  10 howler monkeys
  2 electric eels (Lair:4)
  6 crimson imps
  3 bullfrog zombies
  24 orc wizards
  13 hounds
  6 jellies
  24 orc priests
  Crazy Yiuf (D:5)
  5 iguanas
  3 bullfrog skeletons
  4 centaur skeletons
  7 hell rats
  15 worker ants
  A centaur simulacrum (D:10)
  2 hound skeletons
  4 hound zombies
  A howler monkey zombie (D:10)
  A worker ant zombie (D:7)
  13 adders
  6 shadow imps
  An ooze (D:7)
  An adder zombie (D:5)
  4 worms
  2 dart slugs
  5 leopard geckos
  80 orcs
  A ball python (D:3)
  4 giant cockroaches
  8 goblins
  7 hobgoblins
  11 jackals
  5 quokkas
  10 bats
  10 frilled lizards
  A jackal skeleton (D:7)
  16 kobolds
  4 rats
  A fungus (Lair:5)
  4 plants
  A withered plant (D:15)
744 creatures vanquished.

Vanquished Creatures (others)
  A human (Lair:4)
  A slave (D:7)
  4 bushes (Lair:6)
  65 fungi
  45 plants
  6 withered plants (Lair:2)
122 creatures vanquished.

Grand Total: 866 creatures vanquished

Notes
Turn   | Place    | Note
-------+----------+-------------------------------------------
     0 | D:1      | Atelerd the Octopode Wizard began the quest for the Orb.
     0 | D:1      | Reached XP level 1. HP: 11/11 MP: 4/4
   222 | D:1      | Reached XP level 2. HP: 13/17 MP: 6/6
   753 | D:1      | Reached XP level 3. HP: 18/21 MP: 8/8
   758 | D:1      | Learned a level 3 spell: Mephitic Cloud
   762 | D:1      | Learned a level 3 spell: Conjure Flame
  1483 | D:2      | Reached XP level 4. HP: 17/27 MP: 10/10
  2107 | D:2      | Reached skill level 1 in Short Blades
  2107 | D:2      | Reached XP level 5. HP: 28/32 MP: 11/11
  2621 | D:3      | Learned a level 2 spell: Blink
  2694 | D:3      | Reached skill level 5 in Stealth
  2729 | D:3      | Reached skill level 1 in Fighting
  3011 | D:3      | Reached XP level 6. HP: 38/38 MP: 12/12
  3086 | D:3      | Found a faded altar of an unknown god.
  3532 | D:4      | Reached XP level 7. HP: 26/45 MP: 13/13
  3690 | D:4      | Noticed Dowan
  3691 | D:4      | Noticed Duvessa
  3709 | D:4      | Killed Dowan
  3721 | D:4      | Noticed Sigmund
  4337 | D:3      | Reached skill level 5 in Spellcasting
  4415 | D:4      | Killed Duvessa
  4415 | D:4      | Reached skill level 5 in Conjurations
  4540 | D:4      | Found a burning altar of Makhleb.
  4556 | D:4      | Reached XP level 8. HP: 52/52 MP: 15/15
  4932 | D:4      | Killed Sigmund
  4951 | D:5      | Entered Level 5 of the Dungeon
  5057 | D:5      | Found an opulent altar of Gozag.
  5426 | D:5      | Learned a level 4 spell: Iskenderun's Mystic Blast
  5431 | D:5      | Learned a level 4 spell: Force Lance
  5497 | D:5      | Found a runed translucent door.
  5498 | D:5      | Noticed Crazy Yiuf
  5744 | D:5      | Killed Crazy Yiuf
  5808 | D:6      | Noticed Blork the orc
  5813 | D:6      | Killed Blork the orc
  5868 | D:6      | Noticed Edmund
  5876 | D:6      | Reached XP level 9. HP: 50/56 MP: 3/18
  6053 | D:5      | Killed Edmund
  6466 | D:6      | Noticed Prince Ribbit
  6490 | D:6      | Killed Prince Ribbit
  7574 | D:7      | Found a staircase to the Ecumenical Temple.
  7574 | D:7      | Noticed Pikel
  7597 | D:7      | Killed Pikel
  7597 | D:7      | Reached XP level 10. HP: 63/63 MP: 1/21
  7611 | Temple   | Entered the Ecumenical Temple
  7629 | Temple   | Became a worshipper of Sif Muna the Loreminder
  8336 | D:7      | Reached skill level 10 in Conjurations
  8413 | D:8      | Found a staircase to the Lair.
  8697 | D:8      | Reached * piety under Sif Muna
  9046 | D:8      | Noticed Erica
  9060 | D:8      | Killed Erica
  9535 | D:8      | Found an iron altar of Okawaru.
  9550 | D:8      | Reached ** piety under Sif Muna
  9972 | D:8      | Reached XP level 11. HP: 67/67 MP: 0/23
 10674 | D:9      | Reached *** piety under Sif Muna
 11070 | D:9      | Learned a level 3 spell: Confuse
 11240 | D:9      | Reached skill level 1 in Invocations
 11316 | D:9      | Found a shadowy altar of Dithmenos.
 11323 | D:9      | Found a bloodstained altar of Trog.
 11328 | D:9      | Found a radiant altar of Vehumet.
 11335 | D:9      | Found a snail-covered altar of Cheibriados.
 11340 | D:9      | Found an opulent altar of Gozag.
 11347 | D:9      | Found a stormy altar of Qazlal.
 11352 | D:9      | Found a hide-covered altar of Uskayaw.
 11874 | D:9      | Found an opulent altar of Gozag.
 11965 | D:10     | Entered Level 10 of the Dungeon
 13416 | D:10     | Killed an unseen horror
 13658 | D:10     | Reached skill level 10 in Spellcasting
 13901 | D:10     | Reached skill level 5 in Invocations
 14087 | D:11     | Noticed a cyan ugly thing
 14193 | D:11     | Noticed a skeletal warrior
 14194 | D:11     | Noticed Sonja
 14194 | D:11     | Noticed a death knight
 14421 | D:11     | Found a staircase to the Orcish Mines.
 14542 | D:10     | Reached **** piety under Sif Muna
 14702 | D:11     | Noticed a four-headed hydra
 14940 | D:10     | Killed a four-headed hydra
 14940 | D:10     | Reached XP level 12. HP: 38/72 MP: 0/26
 15097 | D:11     | Killed Sonja
 15190 | Lair:1   | Entered Level 1 of the Lair of Beasts
 16389 | Lair:2   | Found a runed translucent gate.
 16409 | Lair:2   | Found a runed translucent gate.
 16409 | Lair:2   | Found a runed translucent gate.
 16409 | Lair:2   | Noticed Mrkan's ghost (journeyman FoFi)
 16410 | Lair:2   | Noticed Hyeqets's ghost (journeyman TrMo)
 16540 | Lair:2   | Noticed a catoblepas
 16727 | Lair:2   | Killed a catoblepas
 16727 | Lair:2   | Reached skill level 1 in Hexes
 17178 | Lair:2   | Found a staircase to the Shoals.
 18168 | Lair:3   | Reached ***** piety under Sif Muna
 18169 | Lair:3   | Identified Sif Muna's Compendium of Mutagenic Sinister Arts
                  | (Sif Muna gifted it to you on level 3 of the Lair of
                  | Beasts)
 18169 | Lair:3   | Received a gift from Sif Muna
 18181 | Lair:3   | Learned a level 3 spell: Ignite Poison
 18184 | Lair:3   | Learned a level 2 spell: Ensorcelled Hibernation
 19155 | Lair:4   | Noticed Kirke
 19166 | Lair:4   | Killed Kirke
 19166 | Lair:4   | Reached XP level 13. HP: 52/81 MP: 0/28
 19886 | Lair:4   | Reached skill level 5 in Hexes
 20069 | Lair:4   | Found a hole to the Spider Nest.
 20813 | Lair:5   | Reached skill level 5 in Fighting
 23506 | Lair:5   | You fall through a shaft!
 23506 | Lair:6   | Entered Level 6 of the Lair of Beasts
 23508 | Lair:6   | Noticed Snorg
 23524 | Lair:6   | Found a runed translucent gate.
 23525 | Lair:6   | Found a runed translucent gate.
 23525 | Lair:6   | Noticed Thantalas's ghost (journeyman GrFi)
 24256 | Lair:6   | Killed Snorg
 24755 | Lair:6   | Found a staircase to the Slime Pits.
 25241 | Lair:6   | Found a runed translucent gate.
 26091 | Lair:6   | Reached XP level 14. HP: 88/88 MP: 6/31
 28503 | Lair:6   | Found the +4 moon troll leather armour {Spirit, Regen++
                  | MP+5}
 28521 | Lair:6   | Got a crude copper ring
 28522 | Lair:6   | Identified the cursed ring of Autumn {rF- rN+ Str-5 Dex+3
                  | Stlth+} (You found it on level 6 of the Lair of Beasts)
 31024 | D:12     | Received a gift from Sif Muna
 31256 | D:12     | Found Gacrig's Jewellery Shoppe.
 31282 | D:12     | Bought an uncursed ring of magical power for 280 gold
                  | pieces
 31549 | D:12     | Reached skill level 15 in Conjurations
 31777 | D:12     | Got a shimmering glaive
 31806 | D:12     | Found a shattered altar of Ashenzari.
 31810 | D:12     | Saw a vision of the Shoals and the Spider Nest.
 31820 | D:12     | Found a sparkling altar of Nemelex Xobeh.
 32227 | D:12     | Reached skill level 1 in Transmutations
 32375 | D:13     | Found Caofus's Food Shop.
 32676 | D:13     | Found Reshre Qoecs's Hallowed Reliquary.
 32676 | D:13     | Found a white marble altar of Elyvilon.
 32677 | D:13     | Noticed an angel
 32681 | D:13     | Bought a scroll of holy word for 90 gold pieces
 32681 | D:13     | Bought a potion of curing for 36 gold pieces
 33058 | D:13     | Reached skill level 5 in Dodging
 33981 | D:13     | Reached XP level 15. HP: 87/92 MP: 20/33
 34015 | D:13     | Found a gate to the Vaults.
 34873 | Lair:6   | Killed Thantalas's ghost
 35121 | Lair:6   | Got a faintly glowing dagger
 35122 | Lair:6   | Identified the cursed +1 dagger of Judgement {pierce,
                  | Int+4} (You found it on level 6 of the Lair of Beasts)
 35360 | Orc:1    | Entered Level 1 of the Orcish Mines
 35691 | Orc:1    | Found Tupycs's Gadget Boutique.
 36037 | Orc:2    | Entered Level 2 of the Orcish Mines
 36057 | Orc:2    | Learned a level 3 spell: Regeneration
 36060 | Orc:2    | Learned a level 2 spell: Shroud of Golubria
 36065 | Orc:2    | Learned a level 4 spell: Ice Form
 36554 | Orc:2    | Noticed Josephine
 36606 | Orc:2    | Killed Josephine
 38443 | Orc:2    | Noticed Donald
 38461 | Orc:2    | Killed Donald
 38461 | Orc:2    | Reached skill level 15 in Spellcasting
 38654 | Orc:2    | Found Besa's Armour Shop.
 38654 | Orc:2    | Found Vedyiroxt's Book Emporium.
 38656 | Orc:2    | Found Motamom's Antique Weapon Shoppe.
 38658 | Orc:2    | Found Syroxt's Distillery.
 38665 | Orc:2    | Bought a twisted broad axe for 351 gold pieces
 38670 | Orc:2    | Bought a potion of haste for 120 gold pieces
 38670 | Orc:2    | Bought 2 potions of heal wounds for 120 gold pieces
 38670 | Orc:2    | Bought a potion of curing for 36 gold pieces
 38670 | Orc:2    | Bought a potion of heal wounds for 60 gold pieces
 38670 | Orc:2    | Bought a potion of berserk rage for 60 gold pieces
 38670 | Orc:2    | Bought a potion of invisibility for 96 gold pieces
 38738 | Orc:2    | Identified Sif Muna's Volume of the Mountains and
                  | Enhancements (Sif Muna gifted it to you on level 2 of the
                  | Orcish Mines)
 38738 | Orc:2    | Received a gift from Sif Muna
 38786 | Orc:2    | Found a staircase to the Elven Halls.
 38881 | Orc:2    | Identified the +9 broad axe of Anxiety {flame, *Slow +Blink
                  | rN+ MP+9} (You bought it in a shop on level 2 of the Orcish
                  | Mines)
 38882 | Orc:2    | Identified the +3 glaive of Hatred {protect, +Rage Int+4}
                  | (You found it on level 12 of the Dungeon)
 40318 | D:14     | Found a portal to a secret trove of treasure.
 40411 | D:15     | Entered Level 15 of the Dungeon
 40412 | D:15     | Found Nuekagis's Assorted Antiques.
 40716 | D:15     | Bought a potion of heal wounds for 175 gold pieces
 40716 | D:15     | Bought a scroll labeled SABAPA CIRAE for 35 gold pieces
 40763 | D:15     | Reached skill level 1 in Fire Magic
 40763 | D:15     | Reached skill level 1 in Air Magic
 40794 | D:15     | Reached skill level 1 in Ice Magic
 40832 | D:15     | Found Tiurph's Antique Armour Shop.
 40848 | D:15     | Found Dooffick's General Store.
 40863 | D:15     | Bought a scroll of identify for 36 gold pieces
 41227 | D:15     | Found Leostyts's Assorted Antiques.
 41237 | D:15     | Bought a bubbling white potion for 29 gold pieces
 41237 | D:15     | Bought a scroll of identify for 66 gold pieces
 41237 | D:15     | Bought a potion of curing for 99 gold pieces
 41394 | D:15     | Found a staircase to the Depths.
 41806 | D:15     | Found Rogiwiti's Magic Scroll Emporium.
 41814 | D:15     | Bought a scroll of noise for 14 gold pieces
 41814 | D:15     | Bought a scroll of identify for 28 gold pieces
 41814 | D:15     | Bought a scroll of fog for 28 gold pieces
 42624 | Shoals:1 | Entered Level 1 of the Shoals
 42635 | Shoals:1 | Slain by a harpy zombie

Skill      XL: |  1  2  3  4  5  6  7  8  9 10 11 12 13 14 15 |
---------------+----------------------------------------------+-----
Stealth        | 3 4 5 |  5.0
Spellcasting   | 4 5 6 7 8 10 11 13 14 15 | 15.2
Short Blades   | 1 |  1.0
Fighting       | 1 2 3 4 5 |  5.0
Conjurations   | 2 3 5 7 9 11 12 13 14 15 | 15.5
Translocations | 2 3 4 |  4.0
Dodging        | 3 4 5 7 |  7.0
Invocations    | 6 8 |  8.9
Hexes          | 4 6 7 |  7.0
Transmutations | 2 3 |  3.0
Fire Magic     | 2 |  2.0
Air Magic      | 2 |  2.1
Ice Magic      | 2 |  2.0
Shields        | |  0.1
Summonings     | |  1.0
Poison Magic   | |  0.1

Action                   |  1- 3 |  4- 6 |  7- 9 | 10-12 | 13-15 || total
-------------------------+-------+-------+-------+-------+-------++-------
Melee: Unarmed           |     7 |       |       |       |     3 ||    10
       Dagger            |    54 |    82 |   148 |   189 |   169 ||   642
       Constrict         |    18 |    15 |    34 |    48 |    36 ||   151
       Tentacles         |     5 |     7 |    23 |    29 |    30 ||    94
       Flail             |       |       |    10 |       |       ||    10
       Broad axe         |       |       |       |       |    12 ||    12
 Cast: Magic Dart        |    20 |    28 |   113 |   150 |   178 ||   489
       Mephitic Cloud    |     1 |    11 |    30 |    40 |   140 ||   222
       Conjure Flame     |       |     1 |    11 |    36 |    14 ||    62
       Iskenderun's Myst |       |       |    30 |   170 |   459 ||   659
       Blink             |       |       |     5 |    11 |    48 ||    64
       Force Lance       |       |       |       |    90 |   313 ||   403
       Confuse           |       |       |       |     4 |    48 ||    52
       Ignite Poison     |       |       |       |     2 |    52 ||    54
       Ensorcelled Hiber |       |       |       |       |    12 ||    12
       Ice Form          |       |       |       |       |    13 ||    13
       Shroud of Golubri |       |       |       |       |    11 ||    11
       Regeneration      |       |       |       |       |    10 ||    10
Invok: Divine Energy     |       |       |       |     1 |       ||     1
       Stop Divine Energ |       |       |       |     1 |       ||     1
       Channel Magic     |       |       |       |       |     9 ||     9
Evoke: Wand              |       |       |       |     1 |     3 ||     4
  Use: Potion            |       |     6 |       |     2 |     2 ||    10
       Scroll            |       |     6 |     2 |     5 |    12 ||    25
 Stab: Sleeping          |     9 |     7 |     9 |     8 |     6 ||    39
       Confused          |       |     3 |     4 |     4 |     2 ||    13
       Distracted        |       |     1 |       |       |     1 ||     2
  Eat: Chunk             |     1 |     4 |    14 |    35 |    74 ||   128
       Ration            |       |     1 |     1 |     2 |     1 ||     5
Armor: Skin              |     5 |     4 |     5 |    13 |    14 ||    41
Dodge: Dodged            |    56 |    43 |    85 |   135 |   269 ||   588
Block: Shield            |       |       |       |       |     5 ||     5
